Unix NetHack Version 5.0.0-0 post-release - last build Jul 14 2026 02:55:29 (1809b74e8187c3a3585e283601c3028b46cbbdcb,branch:main).

Game began 2026-07-15 17:30:02, ended 2026-07-15 17:46:48.

Brudee, chaotic female human Rogue

                        --------------  ---         -----
                        |.............   .           ...|
                  ##    |.---------------.-----------...|
                   #    |@@....|...|.(..|.-....|%((.|...|
                   #    |.|....|...|(((.|.|....|.((.-...|
                   #    |.|....|...|(((.-.|.. .|((..|...|
                  ######|.------+--------.----------|%...
                    ####|.............{....|....|%!%|)..|
                       #-.----..----.......|.._.|%%%|...|
                      ##|.|..|..|..|..%....|...[|%%%|...+
                      ##|.|..|..|..|......{|....|...|...|
                      ##|.-+--..-+--.......-|------|-...|
                    ####|...............................|
        ---|--.---  #   |.----..........----..-|-----...|
        |........|###   |.+  |..........+  |..|..    ...|
        |.....<...#     |.|  |..........|  |..|..|  |...|
        |........|      ---  ------------  -------  -----
        |........|
        ----------

Brudee the Rogue        St:12 Dx:18 Co:16 In:9 Wi:11 Ch:9  Chaotic S:3356
Dlvl:5  $:1054 HP:0(44) Pw:25(25) AC:-4 Xp:6/376 T:1421 

Latest messages:
 The door resists!
 In what direction? h
 The door resists!
 In what direction? h
 The door closes.
 The door opens.
 What do you want to zap? [vN or ?*] ?
 In what direction? k
 The bolt of fire bounces!
 The bolt of fire hits you!
 Your wooden shield smoulders!
 What do you want to zap? [vN or ?*] v
 In what direction? l
 The bolt of fire bounces!
 You hear someone cursing shoplifters.
 What do you want to zap? [vN or ?*] v
 In what direction? l
 The bolt of fire misses the watch captain.
 The bolt of fire bounces!
 The bolt of fire hits the watch captain!
 The watch captain gets angry!
 What do you want to zap? [vN or ?*] v
 In what direction? l
 The bolt of fire misses the watch captain.
 The watch captain wields a silver saber!
 The silver saber welds itself to the watch captain's hand!
 What do you want to zap? [vN or ?*] v
 Nothing happens.
 You miss the watch captain.
 The watch captain swings his silver saber.
 The watch captain misses!
 The watch captain swings his silver saber.
 The watch captain hits!
 In what direction? l
 The dagger hits the watch captain.
 The watch captain swings his silver saber.
 The watch captain hits!
 The watch captain swings his silver saber.
 The watch captain hits again!
 In what direction? l
 You throw 2 daggers.
 The 1st dagger hits the watch captain!
 The 2nd dagger misses the watch captain.
 The watch captain swings his silver saber.
 The watch captain misses!
 The watch captain swings his silver saber.
 The watch captain hits!
 You die...
 Do you want your possessions identified? [ynq] (y) y
 Do you want to see your attributes? [ynq] (y) q

Inventory:
 Coins    ('$')
  $ - 1054 gold pieces
 Weapons  (')')
  b - 6 +0 daggers (at the ready)
  U - a +0 elven dagger
  R - the +0 Sting (weapon in left hand)
 Armor    ('[')
  f - a blessed +2 orcish helm (being worn)
  x - an uncursed burnt +0 shield of shock resistance (being worn)
  A - an uncursed +0 cloak of protection (being worn)
  X - an uncursed +2 dwarvish mithril-coat (being worn)
 Comestibles  ('%')
  o - an uncursed slime mold
  t - an uncursed food ration
  s - an uncursed lembas wafer
  P - an uncursed pear
 Scrolls  ('?')
  T - an uncursed scroll of enchant armor
  V - an uncursed scroll of fire
  W - an uncursed scroll of identify
 Potions  ('!')
  Y - an uncursed potion of object detection
 Wands    ('/')
  v - a wand of fire (0:0)
  N - a wand of striking (0:0)
 Tools    ('(')
  i - an uncursed sack containing 8 items
  e - an uncursed lock pick
  Z - an uncursed magic lamp
  a - an uncursed magic whistle
 Gems/Stones  ('*')
  Q - an uncursed worthless piece of white glass
  M - 2 uncursed worthless pieces of yellow glass

Contents of the sack:
  an uncursed scroll of amnesia
  an uncursed scroll of charging
  a blessed scroll of enchant weapon
  an uncursed potion of gain level
  an uncursed potion of healing
  an uncursed potion of sickness
  a wand of locking (0:3)
  a +0 pick-axe

Brudee the Rogue's attributes:

Background:
 You were a Rogue, level 6 female human.
 You were chaotic, on a mission for Kos
 who was opposed by Issek (lawful) and Mog (neutral).
 You were left-handed.
 You were in the Gnomish Mines, on level 5.
 You entered the dungeon 1421 turns ago.
 There was a new moon in effect when your adventure ended.
 You had 376 experience points, 264 more were needed to attain level 7.
 Your score was 3356 before end-of-game adjustments.

Basics:
 You had 0 out of 44 hit points.
 You had all 25 energy points (spell power).
 Your armor class was -4.
 Your wallet contained 1054 zorkmids.
 Autopickup was on for '$!=+?/"' plus thrown.

Final Characteristics:
 Your strength was 12 (limit:18/100).
 Your dexterity was 18 (limit:18).
 Your constitution was 16 (limit:18).
 Your intelligence was 9 (limit:18).
 Your wisdom was 11 (limit:18).
 Your charisma was 9 (limit:18).

Final Status:
 You weren't hungry.
 You were unencumbered.
 You were wielding a dagger.
 You were skilled in dagger.

Final Attributes:
 You were devoutly aligned.
 You were shock resistant.
 Your items were protected from electric shocks.
 You were aware of the presence of orcs.
 You were clairvoyant.
 You were stealthy.
 You were protected.
 Your spell casting was impaired by metallic armor.
 You are dead.

Miscellaneous:
 You didn't encounter any bones levels.
 Total elapsed playing time was 16 minutes and 46 seconds.

Major events:
 Turn
    1: Brudee the chaotic female human Rogue entered the dungeon
  406: entered the Gnomish Mines
  640: killed Sipaliwini, the general store proprietrix
  640: attained the rank of Cutpurse (level 3)
  904: chose an elven dagger to be named "Sting"
 1164: reached Mine Town
 1254: attained the rank of Rogue (level 6)
 1421: killed by a watch captain

Spells:
 Name                 Level Category     Fail Retention
 detect food            2   divination   100%  76%-100%
 confuse monster        1   enchantment  100%  76%-100%

Skills:
 Fighting Skills
   bare handed combat [Unskilled]
   two weapon combat  [Unskilled]
   riding             [Unskilled]
 Weapon Skills
   dagger             [Skilled]
   knife              [Unskilled]
   short sword        [Basic]
   broadsword         [Unskilled]
   long sword         [Unskilled]
   two-handed sword   [Unskilled]
   saber              [Unskilled]
   club               [Unskilled]
   mace               [Unskilled]
   morning star       [Unskilled]
   flail              [Unskilled]
   hammer             [Unskilled]
   polearms           [Unskilled]
   spear              [Unskilled]
   crossbow           [Unskilled]
   dart               [Unskilled]
   shuriken           [Unskilled]
 Spellcasting Skills
   divination spells  [Unskilled]
   escape spells      [Unskilled]
   matter spells      [Unskilled]

Voluntary challenges:
 Character rerolling was not enabled.
 You never genocided any monsters.
 You never polymorphed an object.
 You never changed form.
 You used no wishes.
Achievements:
 You entered the Gnomish Mines.
 You entered a shop.
 You attained the rank of Cutpurse.
 You entered Minetown.
 You entered a temple.
 You attained the rank of Rogue.

 The Dungeons of Doom: levels 1 to 3
    Level 1:
    Level 2:
       A general store.
       Stairs down to The Gnomish Mines.
    Level 3:
 The Gnomish Mines: levels 3 to 5
    Level 3:
    Level 4:
    Level 5: <- You were here.
       Many shops, a temple and an altar, some fountains.
       Final resting place for
          you, killed by a watch captain.


Vanquished creatures:
  a shopkeeper
  a small mimic
  a violet fungus
  3 gnome leaders
  2 gnomish wizards
  a little dog
  3 dwarves
  a giant bat
 an iguana
 an acid blob
  2 hobbits
 17 gnomes
  5 jackals
  a goblin
  2 sewer rats
  a grid bug
  2 lichens
  3 newts
48 creatures vanquished.

No species were genocided or became extinct.

Game over:
                       ----------
                      /          \
                     /    REST    \
                    /      IN      \
                   /     PEACE      \
                  /                  \
                  |      Brudee      |
                  |     1054 Au      |
                  |   killed by a    |
                  |  watch captain   |
                  |                  |
                  |                  |
                  |       2026       |
                 *|     *  *  *      | *
        _________)/\\_//(\/(/\)/\//\/|_)_______

Goodbye Brudee the Rogue...

You died in The Gnomish Mines on dungeon level 5 with 3251 points,
and 1054 pieces of gold, after 1421 moves.
You were level 6 with a maximum of 44 hit points when you died.

